 Dungeon Crawl Stone Soup version 0.17-a0-1007-gb2305a1 (webtiles) character file.

6132 BluebellGnoll the Spear-Bearer (level 11, -9/86 HPs)
             Began as a Formicid Fighter on May 13, 2015.
             Was an Elder of the Shining One.
             Mangled by a white ugly thing (19 damage)
             ... on level 11 of the Dungeon.
             The game lasted 00:38:21 (8760 turns).

BluebellGnoll the Spear-Bearer (Formicid Fighter)   Turns: 8760, Time: 00:38:21

Health: -9/86      AC: 19    Str: 24    XL:     11   Next: 13%
Magic:  14/14      EV:  6    Int:  8    God:    the Shining One [****..]
Gold:   286        SH: 10    Dex: 15    Spells: 0 memorised, 10 levels left

rFire  . . .     SeeInvis +     R - +2 spear (freeze)
rCold  . . .     Clarity  +     T - +3 chain mail {MR+}
rNeg   + + .     SustAb   .     c - +0 shield
rPois  +         Gourm    .     (helmet unavailable)
rElec  .         Spirit   .     B - +1 cloak
rCorr  .         Warding  .     S - +1 pair of gloves
rMut   .         Stasis   +     (no boots)
MR     ++...                    G - amulet of clarity
Stlth  ..........               v - ring of poison resistance
                                K - +5 ring of dexterity

@: glowing, very resistant to hostile enchantments, extremely unstealthy
A: permanent stasis, dig shafts and tunnels, four strong arms, antennae 3
a: Dig, Shaft Self, Divine Shield, Cleansing Flame, Renounce Religion


You were on level 11 of the Dungeon.
You worshipped the Shining One.
The Shining One was greatly pleased with you.
You were not hungry.

You visited 2 branches of the dungeon, and saw 11 of its levels.
You also visited: Sewer.

You collected 403 gold pieces.
You spent 117 gold pieces at shops.

Inventory:

Hand weapons
 a - a +2 trident
 b - a +0 antimagic trident
 d - the +0 trident "Iromaust" {antimagic, MR- Str+7}
   (You found it on level 6 of the Dungeon)

   It disrupts the flow of magical energy around spellcasters and certain
   magical creatures (including the wielder).
   It affects your strength (+7).
   It affects your resistance to hostile enchantments.
 H - a +3 halberd
 O - a +2 halberd
 R - a +2 spear of freezing (weapon)
Missiles
 g - 336 stones
 o - 5 javelins (quivered)
 u - 4 tomahawks
 w - 6 needles of slowing
Armour
 c - a +0 shield (worn)
 B - a +1 cloak (worn)
 S - a +1 pair of gloves (worn)
 T - a +3 chain mail of magic resistance (worn)
Magical staves
 N - an uncursed staff of wizardry {unknown}
Jewellery
 i - an uncursed ring of fire
 n - an uncursed ring of wizardry
 q - an uncursed ring of protection from magic
 s - the cursed necklace of Bloodlust {*Rage +Rage MR+ Str+2 Int-2 Slay+3 Curse}
   (You found it on level 7 of the Dungeon)

   [amulet of rage]

   It affects your strength (+2).
   It affects your intelligence (-2).
   It affects your accuracy and damage with ranged weapons and melee attacks
   (+3).
   It affects your resistance to hostile enchantments.
   It lets you go berserk.
   It may make you go berserk in combat.
   It may re-curse itself when equipped.
   It has a curse placed upon it.
 v - a ring of poison resistance (right hand)
 E - an uncursed ring of protection from fire
 G - an amulet of clarity (around neck)
 K - a +5 ring of dexterity (left hand)
 L - an uncursed ring of positive energy
Magical devices
 r - a wand of fireball (3)
 D - a wand of teleportation (4)
 F - a wand of digging (13)
 J - a wand of paralysis (6)
 U - a wand of enslavement (13)
Scrolls
 y - 2 scrolls of remove curse
 I - a scroll of enchant weapon
 M - 2 scrolls of enchant armour
Potions
 j - a potion of beneficial mutation {unknown}
 m - 2 potions of resistance
 p - 3 potions of cancellation
 t - a potion of flight
 x - a potion of heal wounds
 z - 6 potions of curing
 A - a potion of lignification
 Q - 2 potions of brilliance
Books
 C - a book of Air

   Spells                             Type                      Level
   a - Shock                          Conjuration/Air              1
   b - Swiftness                      Charms/Air                   2
   c - Repel Missiles                 Charms/Air                   2
   d - Flight                         Charms/Air                   3
   e - Static Discharge               Conjuration/Air              3
   f - Lightning Bolt                 Conjuration/Air              5
Comestibles
 e - 7 bread rations
 f - 5 fruits
 k - 8 chunks of flesh
 l - 2 meat rations
 P - 3 slices of pizza


   Skills:
 + Level 7.9 Fighting
 - Level 11.7 Polearms
 - Level 9.1 Armour
 - Level 3.6 Shields
 * Level 5.0 Invocations


You had 10 spell levels left.
You didn't know any spells.

Dungeon Overview and Level Annotations

Branches:
Dungeon (11/15)            Temple (1/1) D:5            Lair (0/8) D:11
    Orc (0/4) D:9

Altars:
Ashenzari
Cheibriados
Elyvilon
Kikubaaqudgha
Makhleb
Nemelex Xobeh
Ru
Sif Muna
Xom
Yredelemnul
Zin
The Shining One

Shops:
D:2 *   D:8 [   D:11 [


Innate Abilities, Weirdness & Mutations

You are under a permanent stasis effect.
You can dig through walls and to a lower floor.
Your four strong arms can wield two-handed weapons with a shield.
You have a pair of large antennae on your head (SInv).


Message History

The white ugly thing gores you but does no damage.
You hit the white ugly thing but do no damage.
The white ugly thing is severely wounded.
You hit the white ugly thing. You freeze the white ugly thing.
The white ugly thing is severely wounded.
The white ugly thing gores you but does no damage.
You hit the white ugly thing.
The white ugly thing is severely wounded.
The white ugly thing gores you! The white ugly thing freezes you!!
* * * LOW HITPOINT WARNING * * *
You are too injured to fight recklessly!
You are too injured to fight recklessly!
You puncture the white ugly thing! You freeze the white ugly thing.
The white ugly thing is almost dead.
You hit the white ugly thing.
The white ugly thing is almost dead.
The white ugly thing gores you!
* * * LOW HITPOINT WARNING * * *
The white ugly thing freezes you!!
You die...

#((.........#.#
#(#####...### #.#
#.### . #)# #.#
.. #.# #># ...
#.# #.# ..(. #.#
#.# ..... #.#
##.#####......
#.#
#...(@ul......
#.#
#..##(#.#.....
#.# #..##.#.# ...
#.####..##.)∩...#
#
#.......####.#..#
#######.# ......
#.# ##### #.# #.#


You could see a white ugly thing and a giant gecko.

Vanquished Creatures
  Pikel (D:5)
  The ghost of Jine the Shield-Bearer, an average HuFi (D:4)
  Grinder (D:6)
  Sigmund (D:5)
  A hungry ghost (D:9)
  Eustachio (D:4)
  A yak (D:11)
  Menkaure (D:5)
  A steam dragon (D:11)
  2 slaves (D:5)
  2 water moccasins
  An orc warrior (D:8)
  8 ogres
  9 centaurs
  A big kobold (D:4)
  3 giant frogs
  Blork the orc (D:6)
  A water moccasin skeleton (D:6)
  A scorpion (D:4)
  7 killer bees
  4 crimson imps
  10 wights (D:8)
  6 orc wizards
  A giant frog zombie (D:9)
  2 centaur zombies
  A jelly (D:6)
  5 orc priests
  A centaur skeleton (D:4)
  7 hounds
  Natasha (twice) (D:4)
  8 iguanas
  6 worker ants
  A hound skeleton (D:7)
  Robin (D:4)
  14 adders
  4 gnolls
  2 shadow imps (D:8)
  8 oozes (Sewer)
  An adder skeleton (D:8)
  2 worms
  16 giant geckos
  31 orcs
  8 ball pythons
  15 bats
  A bat skeleton (D:4)
  15 giant cockroaches
  22 goblins
  11 hobgoblins
  12 giant newts
  14 kobolds
  5 quokkas
  20 rats
301 creatures vanquished.

Vanquished Creatures (others)
  A plant (D:5)
1 creature vanquished.

Grand Total: 302 creatures vanquished

Notes
Turn   | Place    | Note
--------------------------------------------------------------
     0 | D:1      | BluebellGnoll the Formicid Fighter began the quest for the Orb.
     0 | D:1      | Reached XP level 1. HP: 18/18 MP: 1/1
   241 | D:1      | Reached XP level 2. HP: 17/24 MP: 2/2
   416 | D:1      | Reached XP level 3. HP: 27/29 MP: 3/3
  1043 | D:2      | Reached skill level 4 in Polearms
  1043 | D:2      | Reached XP level 4. HP: 25/35 MP: 4/4
  1168 | D:2      | Found Zin's Purification Station.
  1198 | D:2      | Found a glowing silver altar of Zin.
  1339 | D:2      | Found a glowing golden altar of the Shining One.
  1345 | D:2      | Became a worshipper of the Shining One
  1485 | D:3      | Reached XP level 5. HP: 41/41 MP: 5/5
  1709 | D:3      | Reached skill level 5 in Polearms
  2073 | D:4      | Reached XP level 6. HP: 29/47 MP: 6/6
  2145 | D:4      | Found a glowing drain.
  2231 | Sewer    | Entered a sewer
  2336 | Sewer    | Reached skill level 6 in Polearms
  2833 | Sewer    | Acquired the Shining One's first power
  2842 | Sewer    | Reached skill level 7 in Polearms
  2842 | Sewer    | Reached XP level 7. HP: 48/52 MP: 7/7
  3045 | D:4      | Noticed Eustachio
  3061 | D:4      | Killed Eustachio
  3112 | D:4      | Reached skill level 8 in Polearms
  3132 | D:4      | Noticed Robin
  3152 | D:4      | Was placed under penance by the Shining One
  3170 | D:4      | Killed Robin
  3265 | D:4      | Noticed Natasha
  3270 | D:4      | Killed Natasha
  3410 | D:4      | Noticed Jine's ghost (average HuFi)
  3437 | D:4      | Killed Jine's ghost
  3437 | D:4      | Was forgiven by the Shining One
  3437 | D:4      | Reached XP level 8. HP: 22/61 MP: 8/8
  3806 | D:4      | Noticed Natasha
  3812 | D:4      | Killed Natasha
  3824 | D:4      | Reached skill level 5 in Fighting
  3869 | D:4      | Reached skill level 5 in Armour
  4286 | D:5      | Entered Level 5 of the Dungeon
  4308 | D:5      | Found a staircase to the Ecumenical Temple.
  4322 | D:5      | Noticed Sigmund
  4335 | D:5      | Killed Sigmund
  4356 | Temple   | Entered the Ecumenical Temple
  4616 | D:5      | Noticed Menkaure
  4619 | D:5      | Killed Menkaure
  4619 | D:5      | Reached XP level 9. HP: 65/69 MP: 9/9
  4846 | D:5      | Found an ancient bone altar of Kikubaaqudgha.
  5028 | D:5      | Noticed Pikel
  5046 | D:5      | Killed Pikel
  5046 | D:5      | Reached skill level 9 in Polearms
  5551 | D:6      | Noticed Blork the orc
  5560 | D:6      | Killed Blork the orc
  5630 | D:6      | Reached skill level 10 in Polearms
  6058 | D:6      | Acquired the Shining One's second power
  6401 | D:6      | Got a shimmering trident
  6402 | D:6      | Identified the cursed +0 trident "Iromaust" {antimagic, MR- Str+7} (You found it on level 6 of the Dungeon)
  6462 | D:6      | Noticed Grinder
  6480 | D:6      | Killed Grinder
  6480 | D:6      | Reached XP level 10. HP: 63/77 MP: 10/10
  6953 | D:7      | Found a shimmering altar of Xom.
  6953 | D:7      | Found a burning altar of Makhleb.
  7057 | D:7      | Reached skill level 11 in Polearms
  7859 | D:8      | Found Xifiunek's Antique Armour Boutique.
  7868 | D:8      | Bought a runed chain mail for 117 gold pieces
  8200 | D:9      | Found a snail-covered altar of Cheibriados.
  8218 | D:9      | Reached skill level 1 in Invocations
  8305 | D:9      | Found a sacrificial altar of Ru.
  8349 | D:9      | Found a white marble altar of Elyvilon.
  8539 | D:9      | Found a staircase to the Orcish Mines.
  8544 | D:9      | You fall through a shaft for 2 floors!
  8544 | D:11     | Found a staircase to the Lair.
  8560 | D:11     | Reached XP level 11. HP: 84/84 MP: 13/13
  8614 | D:11     | Acquired the Shining One's third power
  8739 | D:11     | Noticed a white ugly thing
  8742 | D:11     | Found Keackouk's Armour Shoppe.
  8743 | D:11     | Reached skill level 5 in Invocations
  8760 | D:11     | Mangled by a white ugly thing

Vault maps used:
D:1:      wheals_arrival_shading, minmay_crystal_water, minivault_27,
          grunt_decor_clamped
D:2:      zin_purify, tso_oasis_becter
D:4:      lightli_sewer_entry_pipes, uniq_natasha, uniq_robin, uniq_eustachio
D:5:      nicolae_overflow_hidden_temple, minmay_temple_entry_grid, first_bread,
          minivault_5, serial_bayou_lagoon_a, uniq_menkaure, uniq_sigmund,
          uniq_pikel
D:6:      uniq_blork_the_orc, uniq_grinder
D:7:      grunt_temple_overflow_champion_of_chaos
D:8:      serial_shops, kennysheep_little_box
D:9:      elyvilon_altar_4, cheibriados_altar_1, orc_0_dummy, basic_altar,
          hangedman_little_slice_of_home, minivault_14
D:11:     due_lair_maze_entry_diamond, serial_shops, nicolae_shop_crystal
Temple:   circular_temple_12
Sewer:    sewer_frog_island_02

Action                   |  1- 3 |  4- 6 |  7- 9 | 10-12 || total
-------------------------+-------+-------+-------+-------++-------
Melee: Trident           |    66 |   254 |   349 |    94 ||   763
       Spear             |       |       |       |   301 ||   301
Throw: Tomahawk          |    18 |    37 |    10 |       ||    65
       Stone             |       |     3 |     4 |     1 ||     8
       Javelin           |       |       |     7 |    22 ||    29
Evoke: Wand              |       |       |    13 |     4 ||    17
  Use: Scroll            |     1 |    14 |    12 |     4 ||    31
       Potion            |       |       |     3 |       ||     3
  Eat: Chunk             |       |     7 |    11 |     9 ||    27
